 Dungeon Crawl Stone Soup version 0.21-a0-404-g291f19a (webtiles) character file.

28 melancholy the Covered (level 2, -1/27 HPs)
             Began as a Minotaur Fighter on Oct 27, 2017.
             Slain by an orc warrior
             ... wielding a +0 glaive
              (11 damage)
             ... on level 2 of the Dungeon.
             The game lasted 00:02:13 (923 turns).

melancholy the Covered (Minotaur Fighter)            Turns: 923, Time: 00:02:13

Health: -1/27      AC:  7    Str: 20    XL:     2   Next: 96%
Magic:  1/1        EV:  9    Int:  5    God:
Gold:   59         SH:  0    Dex:  9    Spells: 1/1 levels left

rFire    . . .     SeeInvis .   a - +0 war axe
rCold    . . .     Gourm    .   (no shield)
rNeg     . . .     Faith    .   b - +0 scale mail
rPois    .         Spirit   .   (helmet restricted)
rElec    .         Reflect  .   (no cloak)
rCorr    .         Harm     .   (no gloves)
MR       .....                  (no boots)
Stlth    ..........             (no amulet)
HPRegen  0.09/turn              (no ring)
MPRegen  0.07/turn              (no ring)

@: no status effects
A: retaliatory headbutt, horns 2
a: no special abilities


You were on level 2 of the Dungeon.
You were not hungry.

You visited 1 branch of the dungeon, and saw 2 of its levels.

You collected 59 gold pieces.

Inventory:

Hand Weapons
 a - a +0 war axe (weapon)
Armour
 b - a +0 scale mail (worn)
 c - a +0 shield
Jewellery
 h - an uncursed amulet of harm {unknown}
 p - an uncursed ring of protection from cold {unknown}
Scrolls
 e - a scroll of teleportation {unknown}
 i - a scroll of fog {unknown}
 k - a scroll of amnesia {unknown}
 n - a scroll of noise {unknown}
 o - a scroll of identify {unknown}
Potions
 d - a potion of might
 j - 3 potions of haste {unknown}
 l - a potion of brilliance {unknown}
 m - a potion of resistance {unknown}
Comestibles
 f - 2 bread rations
 g - 2 chunks of flesh


   Skills:
 + Level 4.1 Fighting
 + Level 2.9 Axes
 + Level 4.3 Armour
 - Level 3.7 Shields


You had one spell level left.
You didn't know any spells.

Dungeon Overview and Level Annotations

Branches:
Dungeon (2/15)

Altars:


Innate Abilities, Weirdness & Mutations

You reflexively headbutt those who attack you in melee.
You have a pair of horns on your head.


Message History

An orc comes into view. It is wielding a short sword.
You barely miss the orc. The orc hits you but does no damage.
An orc comes into view.
You barely miss the orc.
The orc warrior hits you from afar with a glaive!
The orc closely misses you.
You hit the orc but do no damage. The orc barely misses you.
You furiously retaliate!
You headbutt the orc!
The orc warrior hits you from afar with a glaive!
* * * LOW HITPOINT WARNING * * *
You are too injured to fight recklessly!
You are too injured to fight recklessly!
You are too injured to fight recklessly!
Unknown command.
The orc hits you but does no damage.
The orc warrior hits you but does no damage.
Unknown command.
Unknown command.
The orc warrior hits you with a glaive!
You die...

###### #o#
##########.#
##........#o#
####..#.##.#.#.#
.......#..#....#
#.#.##.#o###
#.#.##(#.#
##..#..#..#
#.@#.##.#o#
#..ooo....#
#.##o##..##
#.......##
####.#### #.# .#
#.# ##.#
#.########..###
####..............


You could see an orc warrior and 3 orcs.

Vanquished Creatures
  A worm (D:2)
  A leopard gecko (D:1)
  A goblin (D:1)
  A hobgoblin (D:1)
  9 bats
  3 kobolds (D:1)
  11 rats
27 creatures vanquished.

Notes
Turn   | Place    | Note
-------+----------+-------------------------------------------
     0 | D:1      | melancholy the Minotaur Fighter began the quest for the Orb.
     0 | D:1      | Reached XP level 1. HP: 19/19 MP: 0/0
   203 | D:1      | Reached XP level 2. HP: 27/27 MP: 1/1
   897 | D:2      | Noticed an orc warrior
   923 | D:2      | Slain by an orc warrior

Vault maps used:
D:1:      dpeg_arrival_ratfight
D:2:      old_standard_altar, nicolae_overflow_crystal_walls,
          minmay_misc_feat_columns, minmay_small_reverse_x, uniq_terence

Skill      XL: |  1  2 |
---------------+-------+-----
Fighting       | 4 |  4.1
Armour         | 4 |  4.3
Axes           | |  2.9
Shields        | |  3.7

Action                   || total
-------------------------++-------
Melee: War axe           ||    50
       Headbutt          ||     5
Armor: Scale mail        ||    30
Dodge: Dodged            ||    27

Table legend:
 A = Spawn XP
 B = Non-spawn XP
 C = Spawn XP percentage of total XP
 D = Spawn monster count
 E = Non-spawn monster count
 F = Spawn count percentage of total count
 G = Total turns spent on level
                    A         B        C        D         E        F      G
               +---------+---------+-------+---------+---------+-------+---------
         Total |       0 |      40 |   0.0 |       0 |      27 |   0.0 |   923
               +---------+---------+-------+---------+---------+-------+---------
           D:1 |       0 |      29 |   0.0 |       0 |      22 |   0.0 |   837
           D:2 |       0 |      11 |   0.0 |       0 |       5 |   0.0 |    86
               +---------+---------+-------+---------+---------+-------+---------
